 Dungeon Crawl Stone Soup version 0.17-a0-755-g4391640 (webtiles) character file.

3720 oplop the Zephyrmancer (level 10, 0/57 HPs)
             Began as a Tengu Air Elementalist on Apr 22, 2015.
             Was a Follower of Ashenzari.
             Slain by a killer bee (5 damage)
             ... on level 8 of the Dungeon.
             The game lasted 00:28:56 (9390 turns).

oplop the Zephyrmancer (Tengu Air Elementalist)     Turns: 9390, Time: 00:28:57

Health: 0/57       AC:  8    Str: 10    XL:     10   Next: 14%
Magic:  19/19      EV: 14    Int: 18    God:    Ashenzari [*.....]
Gold:   432        SH:  6    Dex: 14    Spells: 5 memorised, 7 levels left

rFire  . . .     SeeInvis .     h - +1 short sword (venom)
rCold  . . .     Clarity  .     a - +0 robe
rNeg   . . .     SustAb   .     y - +1 buckler
rPois  .         Gourm    .     (helmet restricted)
rElec  .         Spirit   .     I - +0 cloak
rCorr  .         Warding  .     (no gloves)
rMut   .         Stasis   .     (boots unavailable)
MR     .....                    (no amulet)
Stlth  ++........               k - +5 ring of protection (curse)
                                d - +5 ring of slaying (curse)

@: lethally poisoned (0 -> -20), vulnerable, repel missiles, not resistant to
hostile enchantments, unstealthy
A: beak, talons 3, able to fly 1
a: Fly, Renounce Religion


You were on level 8 of the Dungeon.
You worshipped Ashenzari.
Ashenzari was aware of your devotion.
You were hungry.

You visited 2 branches of the dungeon, and saw 9 of its levels.

You collected 432 gold pieces.

Inventory:

Hand weapons
 h - a +1 short sword of venom (weapon)
 p - a +1 short sword of holy wrath
Armour
 a - a +0 robe (worn)
 y - a +1 buckler (worn)
 I - a +0 cloak (worn)
Jewellery
 d - a cursed +5 ring of slaying (left hand)
 k - a cursed +5 ring of protection (right hand)
 m - an uncursed ring of positive energy
 q - an uncursed ring of fire
Magical devices
 g - a wand of random effects (17)
 u - a wand of disintegration (13)
 C - a wand of fire (11)
 F - a wand of digging (14)
 G - a wand of digging (10)
 H - a wand of confusion (9)
 K - a wand of confusion (38)
 P - a wand of magic darts (35)
Scrolls
 i - 3 scrolls of teleportation
 j - a scroll of amnesia
 t - a scroll of enchant armour
 z - 8 scrolls of curse armour
 B - 2 scrolls of curse weapon
 D - 2 scrolls of identify
 E - 2 scrolls of fog
 L - a scroll of silence
 M - a scroll of recharging
 Q - a scroll of remove curse
Potions
 l - a potion of lignification {unknown}
 n - a potion of curing
 o - a potion of agility {unknown}
 s - 4 potions of restore abilities {unknown}
 v - 2 potions of ambrosia {unknown}
 w - 4 potions of brilliance
 x - a potion of resistance {unknown}
 A - a potion of beneficial mutation {unknown}
 O - a potion of invisibility {unknown}
Books
 b - a book of Air

   Spells                             Type                      Level
   a - Shock                          Conjuration/Air              1
   b - Swiftness                      Charms/Air                   2
   c - Repel Missiles                 Charms/Air                   2
   d - Flight                         Charms/Air                   3
   e - Static Discharge               Conjuration/Air              3
   f - Lightning Bolt                 Conjuration/Air              5
Comestibles
 c - 4 bread rations
 f - 2 meat rations
 J - 24 fruits
 R - 4 chunks of flesh


   Skills:
 - Level 4.3 Fighting
 + Level 5.7 Short Blades
 - Level 5.0 Dodging
 - Level 2.0 Stealth
 + Level 4.2 Shields
 - Level 5.6 Spellcasting
 - Level 7.1 Conjurations
 + Level 10.3 Air Magic


You had 7 spell levels left.
You knew the following spells:

 Your Spells              Type           Power        Failure   Level  Hunger
a - Shock                 Conj/Air       ####         1%          1    None
b - Static Discharge      Conj/Air       #####...     1%          3    ##.....
c - Repel Missiles        Chrm/Air       ###...       1%          2    None
d - Lightning Bolt        Conj/Air       #####.....   12%         5    #####..
s - Swiftness             Chrm/Air       ###.....     1%          2    None


Dungeon Overview and Level Annotations

Branches:
Dungeon (8/15)             Temple (1/1) D:7
   Lair: D:8-11

Altars:
Ashenzari
Cheibriados
Dithmenos
Elyvilon
Fedhas
Kikubaaqudgha
Makhleb
Nemelex Xobeh
Okawaru
Qazlal
Ru
Sif Muna
Trog
Xom
Yredelemnul
Zin
The Shining One

Shops:
D:4 !

Annotations:
D:3 Sigmund
D:7 2 runed doors


Innate Abilities, Weirdness & Mutations

You have a beak for a mouth.
You have claws for feet.
You can fly.


Message History

Read which item? (? for menu, Esc to quit)
As you read the scroll labeled JOTRE WAVUNN, it crumbles to dust.
Magic quickly surges around you.
It was a scroll of vulnerability.
You feel sick. The killer bee misses you. The killer bee closely misses you.
The killer bee stings you but does no damage. x2
The killer bee closely misses you. The killer bee misses you.
Read which item? (? for menu, Esc to quit)
As you read the scroll labeled ACKOELOCWIXT, it crumbles to dust.
It is a scroll of enchant armour.
Enchant which item? (? for menu, Esc to quit)
Your +0 buckler glows green for a moment.
You feel sick. The killer bee closely misses you. The killer bee misses you.
You block the killer bee's attack. The killer bee stings you.
* * * LOW HITPOINT WARNING * * *
You are lethally poisoned!
The killer bee poisons you! The killer bee stings you.
* * * LOW HITPOINT WARNING * * *
You are more poisoned.
The killer bee poisons you! The killer bee stings you.
You die...

..#.## #..####.... ###.#
......# ##.## ##...
..###..###...## ##.# ..#
#........## #.# ..#
##^.......###..## ..#
##.##...........##.
..####..####............
...#.....## #.......$.#..
....####..###.(.@y.......
...## ###....#.yy..#....
...# #..#####.### ...#
#.## ..# #..# #.# ...#
#...# .## .... ..#..# #.
..#.. ## . .. .### ... .


You could see 3 killer bees.

Vanquished Creatures
  Grinder (D:3)
  A hippogriff (D:7)
  2 wyverns (D:8)
  Menkaure (D:7)
  A water moccasin (D:8)
  A sky beast (D:5)
  A black bear (D:6)
  2 ice beasts (D:5)
  6 ogres
  2 orc warriors
  3 centaurs
  2 elf zombies (D:6)
  A big kobold (D:8)
  3 giant frogs
  An elf skeleton (D:6)
  2 scorpions
  A killer bee (D:8)
  5 crimson imps
  3 hounds
  A human zombie (D:6)
  Crazy Yiuf (D:2)
  A centaur skeleton (D:7)
  An orc priest (D:3)
  2 jellies
  8 worker ants
  2 giant frog skeletons
  A human skeleton (D:6)
  3 orc wizards
  6 adders
  3 shadow imps
  2 oozes
  4 worms
  8 giant geckos
  15 orcs
  6 giant cockroaches
  9 goblins
  15 hobgoblins
  2 jackals (D:2)
  17 kobolds
  2 quokkas
  3 ball pythons
  8 bats
  A giant gecko zombie (D:5)
  3 giant newts
  A giant spore (D:8)
  An orc skeleton (D:6)
  2 quokka skeletons
  A quokka zombie (D:6)
  13 rats
  A ballistomycete (D:8)
182 creatures vanquished.

Notes
Turn   | Place    | Note
--------------------------------------------------------------
     0 | D:1      | oplop, the Tengu Air Elementalist, began the quest for the Orb.
     0 | D:1      | Reached XP level 1. HP: 10/10 MP: 4/4
   127 | D:1      | Reached XP level 2. HP: 15/15 MP: 3/6
   640 | D:1      | Reached XP level 3. HP: 19/19 MP: 2/7
   979 | D:2      | Reached skill level 5 in Air Magic
  1454 | D:2      | Reached XP level 4. HP: 24/24 MP: 0/8
  1549 | D:2      | Learned a level 3 spell: Static Discharge
  1552 | D:2      | Learned a level 2 spell: Swiftness
  1736 | D:2      | Noticed Crazy Yiuf
  1896 | D:3      | Noticed Grinder
  2005 | D:3      | Gained mutation: You can fly. [Tengu growth]
  2005 | D:3      | Reached XP level 5. HP: 26/28 MP: 7/10
  2067 | D:3      | Noticed Sigmund
  2287 | D:4      | Reached skill level 6 in Air Magic
  2569 | D:4      | Found Wawutwah's Distillery.
  2616 | D:4      | Noticed an ogre
  2752 | D:4      | Reached XP level 6. HP: 22/32 MP: 5/12
  3167 | D:4      | Learned a level 2 spell: Repel Missiles
  3190 | D:5      | Entered Level 5 of the Dungeon
  3500 | D:5      | Reached skill level 1 in Fighting
  3500 | D:5      | Reached XP level 7. HP: 22/38 MP: 0/14
  3726 | D:5      | Reached skill level 5 in Conjurations
  4207 | D:5      | Reached skill level 7 in Air Magic
  4879 | D:5      | Reached XP level 8. HP: 45/45 MP: 5/15
  4905 | D:5      | Found a blossoming altar of Fedhas.
  5540 | D:6      | Found a sand-covered staircase.
  5553 | D:6      | HP: 1/46 [/static electricity (2)]
  5560 | D:6      | HP: 1/46 [elf zombie (7)]
  5775 | D:6      | Reached skill level 5 in Spellcasting
  5775 | D:6      | Reached skill level 8 in Air Magic
  6400 | D:6      | Found an ancient bone altar of Kikubaaqudgha.
  6440 | D:6      | Found a shattered altar of Ashenzari.
  6719 | D:6      | Reached XP level 9. HP: 49/52 MP: 10/18
  6963 | D:6      | Reached skill level 5 in Dodging
  6970 | D:6      | Learned a level 5 spell: Lightning Bolt
  6994 | D:7      | Found a staircase to the Ecumenical Temple.
  7049 | Temple   | Entered the Ecumenical Temple
  7147 | D:6      | Became a worshipper of Ashenzari the Shackled
  7210 | D:7      | Found a runed door.
  7237 | D:7      | Found a runed door.
  7255 | D:7      | Reached skill level 1 in Short Blades
  7347 | D:7      | Noticed Menkaure
  7352 | D:7      | Killed Menkaure
  7428 | D:7      | Reached skill level 1 in Shields
  7428 | D:7      | Reached skill level 9 in Air Magic
  7941 | D:2      | Killed Crazy Yiuf
  8041 | D:3      | Paralysed by Grinder for 6 turns
  8049 | D:3      | Killed Grinder
  8547 | D:4      | Killed an ogre
  8865 | D:8      | Reached skill level 5 in Short Blades
  8972 | D:8      | Reached skill level 10 in Air Magic
  8972 | D:8      | Reached XP level 10. HP: 53/57 MP: 11/19
  9273 | D:8      | Found a burning altar of Makhleb.
  9273 | D:8      | Found a sacrificial altar of Ru.
  9390 | D:8      | Slain by a killer bee

Action                   |  1- 3 |  4- 6 |  7- 9 | 10-12 || total
-------------------------+-------+-------+-------+-------++-------
Melee: Short sword       |    11 |    52 |   164 |    25 ||   252
 Cast: Shock             |    64 |    42 |   115 |     9 ||   230
       Static Discharge  |       |    17 |    56 |     5 ||    78
       Repel Missiles    |       |     1 |     3 |     1 ||     5
       Swiftness         |       |       |     1 |       ||     1
       Lightning Bolt    |       |       |    11 |     1 ||    12
Evoke: Wand              |       |       |     1 |       ||     1
  Use: Scroll            |       |       |    17 |     3 ||    20
       Potion            |       |       |     6 |     2 ||     8
 Stab: Sleeping          |     1 |     6 |     3 |       ||    10
       Distracted        |       |       |     1 |       ||     1
  Eat: Chunk             |     2 |     7 |    10 |       ||    19
       Meat ration       |       |     1 |     1 |       ||     2
       Beef jerky        |       |       |     2 |       ||     2
       Bread ration      |       |       |     1 |       ||     1
